 Dungeon Crawl Stone Soup version 0.24-a0-170-gd8427f5 (webtiles) character file.

Game seed: 16784163290368219561

11104 Lanoc the Covert (level 11, -11/114 HPs)
             Began as a Naga Wanderer on Mar 12, 2019.
             Was a Believer of Yredelemnul.
             Mangled by a large slime creature (28 damage)
             ... on level 9 of the Dungeon.
             The game lasted 00:29:34 (11464 turns).

Lanoc the Covert (Naga Wanderer)                   Turns: 11464, Time: 00:29:34

Health: -11/114    AC:  7    Str: 15    XL:     11   Next: 72%
Magic:  11/11      EV: 13    Int: 16    God:    Yredelemnul [**....]
Gold:   484        SH:  0    Dex: 13    Spells: 10/10 levels left

rFire    + . .     SeeInvis +   u - +5 quarterstaff (chaos)
rCold    . . .     Gourm    .   (shield currently unavailable)
rNeg     . . .     Faith    .   A - +0 robe {MR+}
rPois    +         Spirit   .   p - +0 hat {Int+3}
rElec    .         Reflect  .   v - +2 cloak
rCorr    .         Harm     .   (no gloves)
MR       ++...                  (no barding)
Stlth    +++++.....             (no amulet)
HPRegen  0.29/turn              D - ring of protection from fire
MPRegen  0.12/turn              e - ring of wizardry

@: very slow
A: large, see invisible, deformed body, poison resistance, slowness 2, slow
metabolism 1, spit poison 1, AC +3
a: Spit Poison, Animate Remains, Recall Undead Slaves, Injury Mirror, Renounce
Religion


You were on level 9 of the Dungeon.
You worshipped Yredelemnul.
Yredelemnul was pleased with you.
You were near starving.

You visited 2 branches of the dungeon, and saw 10 of its levels.

You collected 484 gold pieces.

Inventory:

Hand Weapons
 a - a +2 hand crossbow
 l - a +0 dagger
 u - a +5 quarterstaff of chaos (weapon)
Missiles
 b - 80 bolts
Armour
 p - a +0 hat of intelligence (worn)
 v - a +2 cloak (worn)
 A - a +0 robe of magic resistance (worn)
Jewellery
 e - a ring of wizardry (right hand)
 w - an uncursed ring of flight
 D - a ring of protection from fire (left hand)
Wands
 g - a wand of random effects (17)
 n - a wand of iceblast (11)
 r - a wand of paralysis (4)
 s - a wand of polymorph (10)
Scrolls
 h - 4 scrolls of enchant weapon
 i - 2 scrolls of identify
 k - 2 scrolls of magic mapping
 m - 5 scrolls of teleportation
 q - 7 scrolls of remove curse
 y - 3 scrolls of enchant armour
 B - 3 scrolls of amnesia
 C - a scroll of fear
 F - a scroll of silence
Potions
 c - 5 potions of curing
 d - a potion of lignification
 j - 2 potions of heal wounds
 o - a potion of brilliance
 t - 2 potions of flight
 x - a potion of haste
 z - a potion of might
Comestibles
 f - 11 rations


   Skills:
 + Level 11.8 Fighting
 + Level 8.2 Staves
 - Level 7.0 Crossbows
 + Level 5.9 Dodging
 - Level 12.0 Stealth
 - Level 1.0 Evocations


You had 10 spell levels left.
You didn't know any spells.
Your spell library contained the following spells:

 Spells                   Type           Power        Failure   Level  Hunger
 Animate Skeleton         Necr           N/A          11%         1    ##.....
 Infusion                 Chrm           #...         11%         1    ##.....
 Magic Dart               Conj           #...         11%         1    ##.....
 Pain                     Necr           #...         11%         1    ##.....
 Blink                    Tloc           N/A          16%         2    ###....
 Call Imp                 Summ           #.......     16%         2    ###....
 Shroud of Golubria       Chrm/Tloc      #.........   16%         2    ###....
 Slow                     Hex            #.......     16%         2    ###....
 Song of Slaying          Chrm           #.......     16%         2    ###....
 Conjure Flame            Conj/Fire      #.......     28%         3    ####...
 Mephitic Cloud           Conj/Pois/Air  #.......     28%         3    ####...
 Regeneration             Chrm/Necr      #.........   28%         3    ####...
 Spectral Weapon          Hex/Chrm       #.......     28%         3    ####...
 Vampiric Draining        Necr           #.........   28%         3    ####...
 Animate Dead             Necr           N/A          65%         4    #####..


Dungeon Overview and Level Annotations

Branches:
Dungeon (9/15)             Temple (1/1) D:7            Lair (0/6) D:9
    Orc (0/2) D:9

Altars:
Dithmenos
Fedhas
Xom
Yredelemnul

Shops:
D:5 %


Innate Abilities, Weirdness & Mutations

You cannot wear boots.
Your serpentine skin is tough. (AC +3)
You have supernaturally acute eyesight. (SInv)
Armour fits poorly on your strangely shaped body.
Your system is resistant to poisons. (rPois)
You cover ground very slowly.
You have a slow metabolism.
You can spit poison.


Message History

The large slime creature is heavily wounded.
The large slime creature closely misses you.
You thump the large slime creature! You drain the large slime creature.
The large slime creature is severely wounded.
The large slime creature hits you!!
You hear a shout!
You are too injured to fight recklessly!
You sock the large slime creature!
The large slime creature is severely wounded.
The large slime creature barely misses you.
The large slime creature hits you.
You thump the large slime creature! You freeze the large slime creature.
The large slime creature is almost dead.
The large slime creature hits you!!
* * * LOW HITPOINT WARNING * * *
You sock the large slime creature!
The large slime creature is almost dead.
The large slime creature hits you!!
You die...
Your body rises from the dead as a mindless zombie.

#.# #.# #.# #.#
#.####### #.#
#.......# #.#
#.......#####.#
........'.....##
#.......######.#
#### #.......#
#.######...#
#.#######
#..@Jh...#.# #.#
#.#####....# #.#
##########.#
#..### #.#
#..........#
...# #.#
#..........#
.#..# #.#
#..........#
#.#..# #.#
##########.# #
#..# #.# #.#
.(.. ..# #.#
####


You could see a large slime creature and a hound.

Vanquished Creatures
  Gastronok (D:8)
  Pikel (D:8)
  A wolf spider zombie (D:7)
  A slime creature (D:9)
  Joseph (D:8)
  2 hellwings (D:7)
  A harpy skeleton (D:7)
  Prince Ribbit (D:9)
  A wraith (D:8)
  A hungry ghost (D:7)
  3 wargs (D:9)
  4 orc warriors
  2 black bears
  3 slaves (D:8)
  4 ice beasts
  A phantom (D:5)
  3 sky beasts
  7 ogres
  A centaur (D:8)
  A crocodile (D:9)
  8 bullfrogs
  A wyvern skeleton (D:8)
  6 scorpions
  A water moccasin skeleton (D:6)
  A killer bee (D:6)
  3 wights (D:8)
  2 howler monkeys
  2 bullfrog zombies
  4 crimson imps
  3 hounds (D:5)
  2 jellies (D:6)
  A quasit (D:5)
  5 centaur zombies (D:7)
  9 orc priests
  13 orc wizards
  A bullfrog skeleton (D:5)
  Crazy Yiuf (D:2)
  3 centaur skeletons
  A gnoll shaman (D:7)
  Jessica (D:3)
  An iguana (D:5)
  Natasha (thrice) (D:2)
  14 worker ants
  2 killer bee zombies
  A hound zombie (D:5)
  A hound skeleton (D:5)
  13 gnolls
  9 adders
  6 shadow imps
  2 oozes (D:3)
  4 adder skeletons
  A worm (D:3)
  2 dart slugs (D:1)
  3 leopard geckos
  35 orcs
  4 giant cockroaches
  2 gnoll zombies (D:6)
  6 goblins
  11 hobgoblins
  12 jackals
  2 quokkas
  3 ball pythons
  9 bats
  7 frilled lizards
  A jackal skeleton (D:6)
  A jackal zombie (D:5)
  7 kobolds
  A leopard gecko skeleton (D:5)
  12 rats
283 creatures vanquished.

Vanquished Creatures (others)
  A jackal (D:4)
1 creature vanquished.

Grand Total: 284 creatures vanquished

Notes
Turn   | Place    | Note
-------+----------+-------------------------------------------
     0 | D:1      | Lanoc the Naga Wanderer began the quest for the Orb.
     0 | D:1      | Lanoc set off with the following items: a +2 hand crossbow,
                  | 27 bolts, a potion of curing, a potion of lignification, a
                  | +0 robe, a ration
     0 | D:1      | Reached XP level 1. HP: 28/28 MP: 1/1
    36 | D:1      | Reached skill level 2 in Stealth
    36 | D:1      | Reached XP level 2. HP: 32/37 MP: 2/2
    85 | D:1      | Reached skill level 3 in Stealth
   165 | D:1      | Reached XP level 3. HP: 41/43 MP: 3/3
   804 | D:2      | Reached skill level 4 in Stealth
   837 | D:2      | Reached XP level 4. HP: 51/51 MP: 4/4
   950 | D:2      | Noticed Natasha
   955 | D:2      | Killed Natasha
  1343 | D:2      | Reached XP level 5. HP: 24/57 MP: 5/5
  1601 | D:2      | Noticed Natasha
  1612 | D:2      | Killed Natasha
  1612 | D:2      | Reached skill level 5 in Stealth
  1845 | D:2      | Noticed Natasha
  1854 | D:2      | Killed Natasha
  1968 | D:2      | Found a runed translucent door.
  1969 | D:2      | Noticed Crazy Yiuf
  1977 | D:2      | Killed Crazy Yiuf
  2166 | D:3      | Reached XP level 6. HP: 67/67 MP: 6/6
  2503 | D:3      | Noticed Jessica
  2506 | D:3      | Reached skill level 6 in Stealth
  2521 | D:3      | Killed Jessica
  3302 | D:4      | Reached XP level 7. HP: 59/74 MP: 7/7
  3320 | D:4      | Reached skill level 7 in Stealth
  3679 | D:5      | Entered Level 5 of the Dungeon
  4062 | D:5      | Reached skill level 8 in Stealth
  4145 | D:5      | Reached XP level 8. HP: 42/84 MP: 8/8
  4468 | D:5      | Reached skill level 1 in Staves
  4921 | D:5      | Reached skill level 9 in Stealth
  5125 | D:5      | Reached skill level 5 in Crossbows
  5497 | D:5      | Found Zoczostre's Food Boutique.
  5727 | D:6      | Reached XP level 9. HP: 89/92 MP: 9/9
  5878 | D:6      | Reached skill level 10 in Stealth
  6508 | D:6      | Found a basalt altar of Yredelemnul.
  6656 | D:6      | Became a worshipper of Yredelemnul the Dark
  6950 | D:7      | Reached skill level 1 in Dodging
  7022 | D:7      | Noticed a hellwing
  7023 | D:7      | Noticed a hellwing
  7034 | D:7      | Reached skill level 11 in Stealth
  7042 | D:7      | Reached skill level 10 in Fighting
  7227 | D:7      | Killed a hellwing
  7227 | D:7      | Reached * piety under Yredelemnul
  7227 | D:7      | Reached XP level 10. HP: 84/102 MP: 10/10
  7427 | D:7      | Reached skill level 5 in Staves
  7510 | D:7      | HP: 3/102 [hellwing (12)]
  8150 | D:7      | Found a staircase to the Ecumenical Temple.
  8156 | D:7      | Reached skill level 12 in Stealth
  8184 | Temple   | Entered the Ecumenical Temple
  8495 | D:8      | Noticed Pikel
  8495 | D:8      | Noticed Joseph
  8872 | D:8      | Killed Joseph
  9342 | D:8      | Reached XP level 11. HP: 110/110 MP: 11/11
  9478 | D:8      | Killed Pikel
  9866 | D:8      | Noticed Gastronok
  9872 | D:8      | Reached ** piety under Yredelemnul
  9901 | D:8      | Killed Gastronok
  9901 | D:8      | Reached skill level 5 in Dodging
 10232 | D:9      | Found Faocineu's Jewellery Boutique.
 10398 | D:9      | Found a staircase to the Orcish Mines.
 10537 | D:9      | Found a staircase to the Lair.
 10743 | D:9      | Noticed Prince Ribbit
 10751 | D:9      | Killed Prince Ribbit
 11464 | D:9      | Mangled by a large slime creature

Levels and vault maps discovered:
D:1:      tarquinn_simple_flora_water_d, layout_basic
D:2:      layout_loops_corners, first_ration, kennysheep_generic_room_9,
          uniq_natasha, uniq_crazy_yiuf_cottage
D:3:      layout_rooms, uniq_jessica
D:4:      cheibrodos_pilgrimage, layout_basic, minivault_4
D:5:      minmay_bubble_buster, layout_cave_pools, serial_shops,
          kennysheep_mini_moat
D:6:      layout_loops_ring, lemuel_zombie_altar_yredelemnul,
          minmay_stone_trees_medium
D:7:      cheibrodos_grave_circle, layout_loops_ring,
          minmay_temple_entry_mini_moons
D:8:      layout_basic, uniq_pikel, uniq_joseph, uniq_gastronok
D:9:      layout_basic, grunt_lair_entry_orc_guard_hut,
          minmay_orc_entry_guard_dogs, serial_shops, shop, uniq_prince_ribbit1
Temple:   grunt_wide_crystal_templ

Skill      XL: |  1  2  3  4  5  6  7  8  9 10 11 |
---------------+----------------------------------+-----
Stealth        | 2 3 4 5 6 8 9 11 12 | 12.0
Crossbows      | 2 3 4 5 6 7 |  7.0
Fighting       | 8 9 10 11 | 11.8
Staves         | 3 4 6 8 |  8.2
Dodging        | 2 4 5 |  5.9
Evocations     | |  1.0

Action                   |  1- 3 |  4- 6 |  7- 9 | 10-12 || total
-------------------------+-------+-------+-------+-------++-------
Melee: Dagger            |       |    31 |       |       ||    31
       Quarterstaff      |       |    99 |   328 |   400 ||   827
 Fire: Hand crossbow     |    43 |    24 |       |       ||    67
 Abil: Spit Poison       |     7 |    22 |    19 |    33 ||    81
  Use: Potion            |       |       |     4 |     4 ||     8
       Scroll            |       |       |     3 |    12 ||    15
 Stab: Sleeping          |       |     6 |    18 |     6 ||    30
       Paralysed         |       |     1 |     1 |     6 ||     8
       Petrified         |       |       |     1 |    12 ||    13
       Confused          |       |       |     1 |       ||     1
       Petrifying        |       |       |     2 |     4 ||     6
       Distracted        |       |       |     1 |     1 ||     2
       Invisible         |       |       |       |     3 ||     3
  Eat: Chunk             |       |     4 |    12 |    13 ||    29
       Ration            |       |     1 |       |       ||     1
Armor: Robe              |     5 |    53 |   141 |    84 ||   283
Dodge: Dodged            |    11 |    85 |   196 |   205 ||   497

Table legend:
 A = Non-vault XP
 B = Vault XP
 C = Vault XP percentage of total XP
 D = Non-vault monster count
 E = Vault monster count
 F = Vault count percentage of total count
                 A         B        C        D         E       F
            +---------+---------+-------+---------+---------+-------
      Total |    7500 |    8364 |  52.7 |     237 |      44 |  15.7
            +---------+---------+-------+---------+---------+-------
        D:1 |      64 |       0 |   0.0 |      27 |       0 |   0.0
        D:2 |     171 |      75 |  30.5 |      21 |       3 |  12.5
        D:3 |     130 |      37 |  22.2 |      30 |       1 |   3.2
        D:4 |      97 |     131 |  57.5 |       8 |       5 |  38.5
        D:5 |    1154 |     349 |  23.2 |      41 |       9 |  18.0
        D:6 |     863 |       3 |   0.3 |      23 |       2 |   8.0
        D:7 |    1300 |    3423 |  72.5 |      25 |      13 |  34.2
        D:8 |    2147 |    3200 |  59.8 |      38 |       3 |   7.3
        D:9 |    1574 |    1146 |  42.1 |      24 |       8 |  25.0
            +---------+---------+-------+---------+---------+-------
